 Dungeon Crawl Stone Soup version 0.30-a0-857-gcaf70739d4 (webtiles) character file.

Game seed: 5084067985891546965

267 demibob the Slasher (level 6, -1/43 HPs)
             Began as a Demonspawn Wanderer on Mar 6, 2023.
             Constricted to death by Ijyb (3 damage)
             ... on level 3 of the Dungeon.
             The game lasted 00:03:15 (1792 turns).

demibob the Slasher (Demonspawn Wanderer)           Turns: 1792, Time: 00:03:16

Health: -1/43      AC: 16    Str: 15    XL:     6   Next: 0%
Magic:  6/6        EV:  6    Int: 13    God:
Gold:   27         SH:  4    Dex: 12    Spells: 5/5 levels left

rFire   . . .      SeeInvis .    a - +2 falchion
rCold   . . .      Faith    .    (no shield)
rNeg    . . .      Spirit   .    n - +0 scale mail
rPois   .          Reflect  .    h - +0 helmet
rElec   .          Rampage  .    (no cloak)
rCorr   .                        (no gloves)
Will    .....                    (no boots) Stlth
                                 (no amulet)
HPRegen 0.27/turn                (no ring)
MPRegen 0.20/turn                (no ring)

@: lethally poisoned (-1 -> -8), grasped by roots, sanguine armoured,
constricted
A: magic regeneration, sanguine armour 2, condensation shield
a: no special abilities


You were on level 3 of the Dungeon.
You visited 1 branch of the dungeon, and saw 3 of its levels.

You collected 27 gold pieces.


Innate Abilities, Weirdness & Mutations

You regenerate magic rapidly.
When seriously injured, your blood forms thick armour. (AC +9)
A meltable shield of frost defends you. (SH +4)


   Skills:
 + Level 1.1 Fighting
 * Level 6.1 Long Blades
 - Level 1.0 Throwing
 + Level 0.2 Armour
 - Level 2.6 Unarmed Combat
 - Level 2.0 Evocations


You had 5 spell levels left.
You didn't know any spells.
Your spell library contained the following spells:

 Spells                   Type           Power      Damage    Failure   Level
 Lesser Beckoning         Tloc           0%         N/A       88%         2
 Gell's Gravitas          Tloc           0%         N/A       98%         3
 Teleport Other           Tloc           0%         N/A       98%         3

Inventory:

Hand Weapons
 a - a +2 falchion (weapon)
Armour
 h - a +0 helmet (worn)
 n - a +0 scale mail (worn)
Wands
 c - a wand of polymorph (7) (quivered)
 f - a wand of quicksilver (6)
 i - a wand of digging (6)
 l - a wand of mindburst (8)
Potions
 b - 2 potions of curing {@q1}
 d - a potion of attraction
 g - a potion of mutation
 j - 2 potions of brilliance
 k - a potion of lignification {unknown}

Dungeon Overview and Level Annotations

Branches:
Dungeon (3/15)

Altars:

Annotations:
D:3 Ijyb

#......
#.....#
#.....#
#.....#
#.....# #
#..g..#
#.###.....#
#.......######
#......Kg@...#
#.......####.#
#.......# #.#
######### #.#
#.# #.# #.#
#.# #.#


You could see Ijyb and a kobold.


Message History

You are more poisoned.
The grasping roots constrict you.
* * * LOW HITPOINT WARNING * * *
The grasping roots release their grip on you.
You hit Ijyb but do no damage.
Ijyb is heavily wounded.
You feel sick. Ijyb barely misses you.
You hit Ijyb but do no damage.
Ijyb is heavily wounded.
You feel sick. Ijyb barely misses you.
You hit Ijyb but do no damage.
Ijyb is heavily wounded.
You feel sick.
Ijyb screams, "No!
No, no, no, no!"
Ijyb zaps a wand.
The roots erupt in riotous growth!
The grasping roots grab you!
Ijyb is unaffected.
The now-empty wand crumbles to dust.
The grasping roots constrict you.
You closely miss Ijyb.
Ijyb is heavily wounded.
You feel sick. Ijyb completely misses you. The grasping roots constrict you.
* * * LOW HITPOINT WARNING * * *
You hit Ijyb.
Ijyb is heavily wounded.
You feel sick.
Ijyb hits you with a +0 dagger of venom.
* * * LOW HITPOINT WARNING * * *
You are more poisoned.
The grasping roots constrict you.
You die...

Skill      XL: |  1  2  3  4  5 |
---------------+----------------+-----
Long Blades    | 3 5 6 |  6.1
Fighting       | |  1.1
Throwing       | |  1.0
Armour         | |  0.2
Unarmed Combat | |  2.6
Evocations     | |  2.0

Action                     |  1- 3 |  4- 6 || total
---------------------------+-------+-------++-------
  Melee: Falchion          |    58 |    93 ||   151
         Punch             |       |     1 ||     1
    Use: Potion            |     3 |     4 ||     7
         Scroll            |     2 |     1 ||     3
 Armour: Leather armour    |    13 |    18 ||    31
         Scale mail        |       |     5 ||     5
  Dodge: Dodged            |    25 |    49 ||    74
  Block: Other             |       |    14 ||    14

Levels and vault maps discovered:
D:1:      dpeg_arrival_arbitrary_a, layout_basic
D:2:      layout_loops_ring, uniq_sigmund, uniq_terence, uniq_robin
D:3:      layout_basic, serial_shops, nicolae_shop_statue_plus, uniq_natasha,
          uniq_jessica, uniq_ijyb

Notes
Turn   | Place    | Note
-------+----------+-------------------------------------------
     0 | D:1      | demibob the Demonspawn Wanderer began the quest for the
                  | Orb.
     0 | D:1      | demibob set off with the following items: a +2 falchion, a
                  | potion of curing {@q1}, a wand of polymorph (7), a potion
                  | of attraction, a +0 leather armour.
     0 | D:1      | Reached XP level 1. HP: 15/15 MP: 1/1
    90 | D:1      | Reached skill level 3 in Long Blades
   107 | D:1      | Gained mutation: When seriously injured, your blood forms
                  | armour. (AC +9) [demonic ancestry]
   107 | D:1      | Reached XP level 2. HP: 15/21 MP: 2/2
   790 | D:2      | Noticed Sigmund
   800 | D:2      | Killed Sigmund
   801 | D:2      | Reached skill level 5 in Long Blades
   801 | D:2      | Reached XP level 3. HP: 26/26 MP: 3/3
   801 | D:2      | Gained mutation: You regenerate magic rapidly. [demonic
                  | ancestry]
   801 | D:2      | Reached XP level 4. HP: 32/32 MP: 4/4
   801 | D:2      | Gained mutation: A meltable shield of frost defends you.
                  | (SH +4) [demonic ancestry]
   801 | D:2      | Reached XP level 5. HP: 37/37 MP: 5/5
   813 | D:2      | Noticed Robin
   828 | D:2      | Killed Robin
  1527 | D:2      | Noticed Terence
  1541 | D:2      | Killed Terence
  1542 | D:2      | Reached skill level 6 in Long Blades
  1757 | D:3      | Noticed Ijyb
  1762 | D:3      | Noticed Natasha
  1773 | D:3      | Killed Natasha
  1774 | D:3      | Gained mutation: When seriously injured, your blood forms
                  | thick armour. (AC +9) [demonic ancestry]
  1774 | D:3      | Reached XP level 6. HP: 23/43 MP: 6/6
  1792 | D:3      | HP: 2/43 [Ijyb/+0 dagger of venom (3)]
  1792 | D:3      | Constricted to death by Ijyb

Vanquished Creatures
  Sigmund (D:2)
  Terence (D:2)
  Natasha (D:3)
  Robin (D:2)
  2 dart slugs
  An orc (D:3)
  7 endoplasms
  10 goblins
  6 hobgoblins
  2 jackals (D:1)
  A quokka (D:1)
  4 ball pythons
  3 bats
  2 frilled lizards (D:1)
  4 kobolds
  5 rats
51 creatures vanquished.

Table legend: (Time is in decaauts)
 A = Elapsed time spent in this place.
 B = Non-inter-level travel time spent in this place.
 C = Inter-level travel time spent in this place.
 D = Time resting spent in this place.
 E = Time spent auto-exploring this place.
 F = Levels seen in this place.
 G = Mean time per level.
                   A        B        C        D        E       F      G
               +--------+--------+--------+--------+--------+-----+--------+
         Total |   1800 |   1740 |     60 |      4 |   1393 |   3 |  600.0 |
       Dungeon |   1800 |   1740 |     60 |      4 |   1393 |   3 |  600.0 |
               +--------+--------+--------+--------+--------+-----+--------+

Top non-repeatable levels by time:
     D:2: 901 daAuts
     D:1: 773 daAuts
     D:3: 125 daAuts

Table legend:
 A = Non-vault XP
 B = Vault XP
 C = Vault XP percentage of total XP
 D = Non-vault monster count
 E = Vault monster count
 F = Vault count percentage of total count
                 A         B        C        D         E       F
            +---------+---------+-------+---------+---------+-------
      Total |      60 |     322 |  84.3 |      35 |      16 |  31.4
            +---------+---------+-------+---------+---------+-------
        D:1 |      37 |       0 |   0.0 |      22 |       0 |   0.0
        D:2 |      18 |     289 |  94.1 |      11 |      15 |  57.7
        D:3 |       5 |      33 |  86.8 |       2 |       1 |  33.3
            +---------+---------+-------+---------+---------+-------
